 Dungeon Crawl Stone Soup version 0.21-a0-529-g8c7b3f5 (webtiles) character file.

351 Ghella the Chucker (level 6, 0/85 HPs)
             Began as a Troll Hunter on Dec 9, 2017.
             Slain by an orc warrior
             ... wielding a +0 short sword
              (7 damage)
             ... on level 4 of the Dungeon.
             The game lasted 00:10:58 (4749 turns).

Ghella the Chucker (Troll Hunter)                   Turns: 4749, Time: 00:10:59

Health: 0/85       AC: 23    Str: 23    XL:     6   Next: 34%
Magic:  5/5        EV:  1    Int:  7    God:
Gold:   178        SH:  7    Dex:  7    Spells: 5/5 levels left

rFire    . . .     SeeInvis .   g - +1 club
rCold    . . .     Gourm    +   r - +0 shield
rNeg     + + +     Faith    .   (armour currently unavailable)
rPois    +         Spirit   .   (helmet currently unavailable)
rElec    .         Reflect  .   (cloak currently unavailable)
rCorr    .         Harm     .   (gloves unavailable)
MR       .....     NoTele   +   (boots unavailable)
Stlth    +.........             (no amulet)
HPRegen  0.64/turn              t - -3 ring of dexterity
MPRegen  0.09/turn              (no ring)

@: tree-form (expiring)
A: large, unfitting armour, fast metabolism 3, gourmand, regeneration 1
a: no special abilities


You were on level 4 of the Dungeon.
You were full.
You were a tree.
You visited 1 branch of the dungeon, and saw 4 of its levels.

You collected 178 gold pieces.

Inventory:

Hand Weapons
 g - a +1 club (weapon)
Missiles
 a - 113 stones (quivered)
Armour
 b - a +0 robe (melded)
 r - a +0 shield (worn)
Jewellery
 t - a -3 ring of dexterity (left branch)
Scrolls
 e - a scroll of immolation
 h - 4 scrolls of identify
 u - 2 scrolls of enchant weapon
 w - a scroll of amnesia
Potions
 c - a potion of brilliance
 p - a potion of lignification
Books
 l - a book of Cantrips

   Spells                             Type                      Level
   a - Confusing Touch                Hexes                        1
   b - Animate Skeleton               Necromancy                   1
   c - Summon Small Mammal            Summoning                    1
   d - Apportation                    Translocation                1
Comestibles
 f - 3 bread rations
 n - 6 fruits


   Skills:
 + Level 2.3 Fighting
 * Level 3.2 Maces & Flails
 + Level 4.3 Throwing
 + Level 3.1 Dodging
 - Level 0.3 Stealth
 + Level 1.5 Shields


You had 5 spell levels left.
You didn't know any spells.

Dungeon Overview and Level Annotations

Branches:
Dungeon (4/15)
 Temple: D:4-7

Altars:

Annotations:
D:3 Eustachio


Innate Abilities, Weirdness & Mutations

You are too large for most types of armour.
((You have claws for hands.))
Your metabolism is lightning-fast.
You like to eat raw meat.
Your natural rate of healing is unusually fast.
((You are covered in fur. (AC +1)))
((You have very tough skin. (AC +2)))


Message History

As you read the scroll labeled QYGOIMATOK, it crumbles to dust.
You hear a loud clanging noise!
It was a scroll of noise.
You hear a shout! x2; You hear a bark!
You block the orc warrior's attack.
As you read the scroll labeled FENEWO VIWKEO, it crumbles to dust.
It is a scroll of amnesia.
You feel forgetful for a moment.
The orc warrior hits you but does no damage.
As you read the scroll labeled NYZXOUTERRO, it crumbles to dust.
You feel as if something is helping you.
It was a scroll of remove curse.
You block the orc warrior's attack.
As you read the scroll labeled DUUPPORGHISH, it crumbles to dust.
Your ears itch!
It was a scroll of random uselessness.
You block the orc warrior's attack.
Okay, then.
Your shield prevents you from hitting the orc warrior.
The orc warrior is moderately wounded.
The orc warrior hits you with a short sword!
You die...

######
#....##########
#.............
#.............
####.###..#####
#♣o..###..####
##..%#.......#
#..(#(......+
######.######
####.##..###
#...........
#...........
#...........
#....##..###


You could see an orc warrior.

Vanquished Creatures
  2 hounds
  A worker ant (D:3)
  An iguana (D:4)
  Natasha (thrice) (D:2 D:3)
  8 adders
  2 worms
  2 dart slugs
  2 leopard geckos (D:3)
  7 bats
  6 giant cockroaches
  11 goblins
  10 hobgoblins
  5 jackals
  9 kobolds
  5 quokkas
  A ball python (D:2)
  7 frilled lizards
  7 rats
89 creatures vanquished.

Notes
Turn   | Place    | Note
-------+----------+-------------------------------------------
     0 | D:1      | Ghella the Troll Hunter began the quest for the Orb.
     0 | D:1      | Reached XP level 1. HP: 19/19 MP: 0/0
   142 | D:1      | Reached skill level 4 in Throwing
   155 | D:1      | Reached XP level 2. HP: 22/27 MP: 1/1
   943 | D:2      | Reached XP level 3. HP: 16/35 MP: 2/2
  1063 | D:2      | Reached skill level 1 in Maces & Flails
  1114 | D:2      | Noticed Natasha
  1329 | D:2      | Killed Natasha
  1329 | D:2      | Reached XP level 4. HP: 22/42 MP: 3/3
  1337 | D:2      | Noticed Natasha
  1340 | D:2      | Killed Natasha
  1863 | D:2      | Reached XP level 5. HP: 49/49 MP: 4/4
  1899 | D:2      | Noticed Natasha
  1921 | D:3      | Killed Natasha
  1921 | D:3      | Reached skill level 1 in Shields
  3395 | D:4      | Reached XP level 6. HP: 57/57 MP: 5/5
  3420 | D:4      | Noticed an orc warrior
  3748 | D:4      | Noticed Eustachio
  4729 | D:4      | HP: 3/85 [orc warrior/short sword (9)]
  4744 | D:4      | HP: 3/85 [orc warrior/short sword (9)]
  4749 | D:4      | Slain by an orc warrior

Vault maps used:
D:1:      sevenhm_arrival_forest_fort_small_3, minmay_bisected
D:2:      hangedman_decor_opposing, dk_noncrumbling_3, uniq_natasha
D:3:      first_bread, feat_on_display
D:4:      kennysheep_mini_moat, serial_shops, nicolae_shop_crystal,
          grunt_decor_fettered, uniq_eustachio, uniq_ijyb

Skill      XL: |  1  2  3  4  5  6 |
---------------+-------------------+-----
Throwing       | 4 |  4.3
Maces & Flails | 1 2 3 |  3.2
Dodging        | 2 3 |  3.1
Fighting       | 2 |  2.3
Shields        | 1 |  1.5
Stealth        | |  0.3

Action                   |  1- 3 |  4- 6 || total
-------------------------+-------+-------++-------
Melee: Club              |   130 |   380 ||   510
       Short sword       |     9 |       ||     9
Throw: Large rock        |    12 |     6 ||    18
       Throwing net      |       |     3 ||     3
       Stone             |       |     2 ||     2
  Use: Scroll            |     3 |     9 ||    12
       Potion            |     1 |    14 ||    15
 Stab: Sleeping          |     1 |       ||     1
       Invisible         |       |     1 ||     1
  Eat: Chunk             |     6 |    24 ||    30
       Royal jelly       |     1 |     1 ||     2
       Bread ration      |     1 |     1 ||     2
       Meat ration       |       |     1 ||     1
Armor: Robe              |    66 |   180 ||   246
       Skin              |       |    21 ||    21
Dodge: Dodged            |    66 |   189 ||   255
Block: Shield            |    43 |   247 ||   290

Table legend:
 A = Spawn XP
 B = Non-spawn XP
 C = Spawn XP percentage of total XP
 D = Spawn monster count
 E = Non-spawn monster count
 F = Spawn count percentage of total count
 G = Total turns spent on level
                    A         B        C        D         E        F      G
               +---------+---------+-------+---------+---------+-------+---------
         Total |       0 |     502 |   0.0 |       0 |      89 |   0.0 |  4749
               +---------+---------+-------+---------+---------+-------+---------
           D:1 |       0 |      43 |   0.0 |       0 |      27 |   0.0 |   992
           D:2 |       0 |     167 |   0.0 |       0 |      23 |   0.0 |  1283
           D:3 |       0 |     185 |   0.0 |       0 |      31 |   0.0 |  1823
           D:4 |       0 |     107 |   0.0 |       0 |       8 |   0.0 |   651
               +---------+---------+-------+---------+---------+-------+---------
